Map: King's Cove LE

Players

DragonHunter

  • Race: Zerg Zerg
  • League: Platinum
  • Spawn Location: 11:00

GangusKaun - Winner!

  • Race: Protoss Protoss
  • League: Gold
  • Spawn Location: 5:00

VOD

Have the link to the VOD?

Description

Time

  • Played on: Dec. 8, 2024, 5:26 p.m.
  • Length: 25:07
Show
View Real Time Build Order
Export as new Build Order

DragonHunter Zerg 

Build Orders: Hatch First, Lurkers, Roach Hydra 

Get SALT Encoding   

  12  0:00  Drone  
  13  0:14  Drone  
  13  0:19  Overlord  
  14  0:37  Drone x2  
  14  0:38  Drone  
  17  0:48  Drone  
  18  0:59  Hatchery  
  18  1:02  Extractor  
  16  1:12  Spawning Pool  
  16  1:15  Drone  
  16  1:18  Drone  
  17  1:26  Drone  
  17  1:31  Drone  
  19  1:42  Overlord  
  19  2:03  Drone x2  
  21  2:10  Queen  
  21  2:13  Zergling x2  
  24  2:22  Metabolic Boost  
  24  2:26  Queen  
  24  2:27  Drone x2  
  28  2:31  Drone  
  28  2:32  Drone  
  30  2:48  Drone  
  30  2:49  Zergling x4  
  33  3:02  Overlord  
  33  3:10  Hatchery  
  33  3:12  Drone x3  
  35  3:23  Overlord  
  35  3:24  Drone x3  
  38  3:32  Drone x2  
  40  3:36  Pneumatized Carapace  
  40  3:38  Drone x2  
  42  3:46  Extractor  
  41  3:49  Lair  
  41  3:50  Drone x3  
  44  4:00  Drone x3  
  47  4:03  Extractor  
  46  4:18  Roach Warren  
  46  4:19  Queen  
  46  4:20  Extractor  
  46  4:21  Drone x5  
  46  4:22  Drone x2  
  53  4:28  Queen  
  55  4:37  Overlord x2  
  55  4:54  Spore Crawler  
  51  5:12  Glial Reconstitution  
  53  5:14  Roach x3  
  53  5:15  Roach x5  
  67  5:27  Evolution Chamber  
  66  5:31  Drone  
  66  5:32  Drone x7  
  74  5:44  Overlord x4  
  74  5:45  Overlord  
  74  5:49  Hatchery  
  73  5:54  Spore Crawler  
  72  6:01  Drone x2  
  72  6:03  Spore Crawler  
  73  6:06  Overseer x2  
  73  6:09  Drone  
  73  6:10  Drone x3  
  77  6:36  Hydralisk Den, Zerg Missile Weapons Level 1  
  76  6:47  Extractor  
  76  6:48  Extractor  
  76  6:51  Drone x2  
  76  6:52  Drone x7  
  76  6:53  Drone x2  
  85  6:54  Roach  
  81  7:29  Hydralisk x4, Roach x2  
  79  7:30  Hydralisk x2, Roach  
  79  7:35  Muscular Augments  
  89  7:39  Overlord x2  
  89  7:40  Hydralisk x3  
  89  7:41  Hydralisk x2  
  89  7:42  Evolution Chamber  
  98  7:48  Queen  
  100  7:57  Overlord x2, Drone x4  
  104  8:07  Zerg Ground Armor Level 1  
  104  8:12  Overseer  
  104  8:19  Hydralisk x2  
  106  8:20  Roach  
  106  8:21  Roach x6  
  122  8:39  Grooved Spines  
  122  8:41  Drone x3  
  122  8:42  Drone x2  
  127  8:54  Zerg Missile Weapons Level 2  
  127  8:55  Lurker Den  
  126  8:57  Hatchery  
  126  8:59  Overlord  
  126  9:00  Overlord x2  
  126  9:01  Hatchery, Hydralisk x5  
  134  9:11  Drone x3  
  134  9:12  Overlord x2, Drone x5  
  134  9:13  Overlord x3  
  130  9:52  Hydralisk x5, Roach x5  
  148  10:01  Hydralisk, Roach x4  
  148  10:03  Zerg Ground Armor Level 2  
  158  10:09  Lurker x3  
  158  10:10  Lurker x4  
  158  10:13  Hydralisk x4  
  173  10:21  Extractor x2  
  171  10:49  Infestation Pit  
  167  11:20  Hydralisk x4, Roach x3  
  151  11:52  Lurker x2  
  151  11:53  Lurker x2  
  155  11:55  Hydralisk x5, Roach x3  
  171  12:02  Hive  
  171  12:08  Drone x6  
  171  13:01  Hydralisk x2  
  171  13:02  Hydralisk x4  
  183  13:08  Spire  
  182  13:20  Hydralisk x2  
  182  13:21  Hydralisk x3  
  182  13:23  Overlord  
  182  13:24  Overlord, Viper  
  195  14:23  Extractor  
  194  14:26  Extractor  
  193  15:05  Zerg Missile Weapons Level 3, Zerg Ground Armor Level 3  
  193  15:06  Adaptive Talons  
  193  15:07  Zerg Flyer Weapons Level 1  
  193  15:18  Viper x2  
  199  15:53  Hatchery, Spire  
  197  16:03  Seismic Spines  
  197  16:15  Unknown  
  160  17:22  Viper  
  160  17:23  Viper x5  
  160  17:28  Overseer x4  
  178  17:32  Hydralisk  
  178  17:33  Hydralisk x7  
  178  17:34  Hydralisk x3  
  123  18:47  Corruptor x2  
  127  18:48  Corruptor  
  127  18:49  Corruptor x17  
  127  18:50  Corruptor x14  
  191  19:22  Zerg Flyer Weapons Level 2  
  191  19:25  Zerg Flyer Armor Level 1  
  191  19:26  Viper  
  191  19:27  Viper x2  
  191  19:28  Hatchery  
  150  21:54  Zergling x2  
  150  21:55  Zergling x46  
  174  22:05  Extractor  
  174  22:06  Extractor  
  172  22:24  Adrenal Glands  
  172  22:25  Zerg Flyer Armor Level 2, Extractor  
  172  22:26  Hatchery  
  170  22:33  Zergling x34  
  170  22:34  Zergling x2  
  177  22:37  Hatchery  
  168  22:49  Roach  
  168  22:50  Roach x5  
  172  23:12  Greater Spire  
  172  23:15  Zergling x2  
  172  23:16  Zergling x6  
  153  24:33  Corruptor x12  
  153  24:37  Corruptor  
  153  24:38  Corruptor  
Show
View Real Time Build Order
Export as new Build Order

GangusKaun Protoss - Winner!

Build Orders: 1 Gate Expand, Oracle Opening, Archon Immortal 

Get SALT Encoding   

  12  0:00  Probe  
  13  0:12  Probe  
  14  0:20  Pylon  
  14  0:25  Probe  
  15  0:40  Gateway  
  15  0:46  Probe  
  15  0:49  Assimilator  
  16  0:59  Probe  
  17  1:12  Probe  
  18  1:24  Probe  
  19  1:33  Nexus  
  19  1:36  Probe  
  20  1:46  Pylon  
  20  2:08  Cybernetics Core  
  20  2:11  Zealot  
  20  2:14  Probe  
  23  2:19  Assimilator  
  23  2:26  Probe  
  24  2:38  Probe  
  25  2:46  Stargate  
  25  2:50  Probe  
  26  2:54  Probe  
  26  2:56  Zealot  
  26  2:57  Warp Gate  
  27  3:02  Probe  
  30  3:06  Probe  
  31  3:14  Stalker, Probe  
  32  3:25  Assimilator  
  34  3:31  Shield Battery  
  34  3:43  Probe  
  34  3:44  Probe  
  37  3:55  Probe  
  37  3:57  Oracle  
  37  3:58  Nexus  
  39  4:23  Stalker  
  41  4:36  Probe x2  
  41  4:37  Oracle  
  46  4:48  Gateway x2  
  46  4:51  Gateway  
  46  5:10  Probe x2  
  48  5:21  Pylon  
  48  5:22  Probe x2  
  48  5:23  Pylon  
  48  5:24  Phoenix  
  52  5:34  Probe x2  
  54  5:35  Pylon  
  54  5:39  Pylon  
  54  5:41  Assimilator  
  54  5:43  Pylon  
  54  5:46  Probe x2  
  56  5:58  Probe x2  
  56  5:59  Forge  
  56  6:00  Twilight Council  
  56  6:01  Protoss Air Weapons Level 1  
  56  6:03  Probe  
  59  6:11  Probe x2  
  61  6:15  Probe  
  62  6:23  Probe x2  
  64  6:28  Robotics Facility  
  64  6:30  Shield Battery  
  64  6:39  Gateway  
  64  6:40  Gateway  
  64  6:43  Probe x2  
  64  6:45  Photon Cannon, Probe  
  66  6:53  Probe  
  67  6:55  Probe x2  
  67  6:59  Phoenix  
  72  7:07  Probe  
  73  7:14  Zealot x4  
  77  7:19  Immortal  
  73  7:24  Phoenix  
  77  7:57  Probe  
  77  7:58  Probe x2  
  80  8:01  Assimilator  
  80  8:03  Assimilator  
  80  8:08  Immortal  
  80  8:10  Pylon  
  80  8:12  Gateway  
  80  8:14  Photon Cannon  
  80  8:15  Shield Battery, Probe x2  
  80  8:17  Shield Battery  
  86  8:33  Templar Archives  
  86  8:37  Photon Cannon  
  86  8:39  Fleet Beacon, Photon Cannon  
  86  8:47  Pylon, Probe  
  86  8:48  Pylon, Probe  
  88  8:51  Immortal  
  92  8:58  Protoss Ground Weapons Level 1, Phoenix  
  92  9:02  Zealot  
  96  9:03  Zealot x4  
  96  9:04  Charge  
  100  9:24  High Templar  
  100  9:25  High Templar x6  
  100  9:30  Immortal  
  118  9:34  Archon x2  
  112  9:40  Archon  
  99  9:54  Psionic Storm  
  99  10:00  Zealot x3  
  99  10:01  Zealot x3  
  111  10:09  Immortal  
  111  10:11  Stargate x2  
  115  10:14  Pylon  
  115  10:17  Pylon  
  115  10:22  Probe  
  115  10:23  Probe  
  117  10:30  Robotics Facility  
  125  10:48  Shield Battery  
  125  10:51  Photon Cannon  
  125  10:52  Mothership  
  125  10:54  Photon Cannon  
  125  10:57  Pylon  
  125  10:59  Pylon  
  125  11:03  Pylon  
  125  11:10  High Templar  
  123  11:11  High Templar  
  120  11:27  Protoss Shields Level 1  
  106  11:34  Zealot x2  
  106  11:35  Zealot x2  
  96  11:42  Observer  
  96  11:43  Observer  
  96  11:45  Tempest x2  
  96  11:46  High Templar  
  92  11:49  Phoenix  
  102  12:07  Photon Cannon  
  102  12:09  Photon Cannon  
  102  12:12  Phoenix  
  104  12:16  Gateway  
  104  12:21  Gateway  
  102  12:36  Observer  
  102  12:37  Observer  
  103  12:41  Tempest  
  103  12:42  Tempest  
  100  13:06  Pylon x2  
  100  13:08  Zealot x4  
  98  13:32  Tempest x2  
  102  13:48  Tempest  
  106  13:51  High Templar x4  
  114  14:01  Gateway  
  114  14:02  Gateway  
  114  14:04  Gateway  
  114  14:06  Gateway  
  114  14:09  Photon Cannon  
  114  14:11  Photon Cannon  
  114  14:13  Photon Cannon  
  114  14:14  Tempest, Pylon  
  114  14:15  Photon Cannon  
  118  14:17  Photon Cannon  
  118  14:18  Photon Cannon  
  118  14:19  Protoss Ground Weapons Level 2  
  118  14:20  Immortal, Photon Cannon  
  118  14:22  Photon Cannon  
  118  14:28  Pylon  
  118  14:29  Pylon  
  118  14:33  Pylon  
  118  14:35  Photon Cannon  
  118  14:39  Carrier x2  
  118  14:47  Cybernetics Core  
  118  14:51  Immortal  
  130  14:55  Zealot x3  
  140  15:10  Carrier  
  146  15:28  Immortal  
  150  15:47  Nexus  
  150  16:06  Probe x2  
  150  16:07  Observer  
  153  16:18  Probe  
  148  17:34  Probe  
  148  17:35  Probe  
  150  17:40  Immortal  
  154  17:58  Nexus  
  154  18:00  Pylon  
  154  18:01  Zealot x2  
  154  18:02  Zealot, Pylon  
  154  18:04  Pylon  
  152  18:25  Assimilator  
  140  18:49  Nexus  
  140  18:51  Pylon x2  
  140  18:57  Probe x3  
  143  19:09  Probe x2  
  145  19:21  Photon Cannon  
  145  19:26  Photon Cannon, Probe  
  145  19:29  Shield Battery  
  145  19:30  Shield Battery  
  146  19:31  Photon Cannon  
  146  19:34  Photon Cannon  
  146  19:43  Assimilator  
  146  19:47  Zealot x4  
  162  20:13  Mothership  
  162  20:16  Shield Battery  
  162  20:19  Shield Battery  
  162  20:20  Pylon  
  162  20:23  Pylon  
  162  20:31  Nexus  
  162  21:02  Phoenix x2  
  166  21:06  Immortal  
  166  21:10  Assimilator  
  170  21:12  Assimilator  
  170  21:15  Pylon  
  170  21:17  Pylon  
  170  21:22  Gateway  
  170  21:24  Gateway  
  168  21:27  Gateway  
  95  21:54  Archon  
  95  21:55  Archon  
  95  21:57  Zealot  
  95  21:58  Zealot  
  95  21:59  Stalker  
  95  22:00  Stalker  
  103  22:06  Void Ray x2  
  103  22:08  Immortal, Void Ray  
  103  22:09  Flux Vanes  
  103  22:14  Protoss Air Weapons Level 2  
  117  22:39  Zealot x3  
  117  22:40  Zealot  
  128  22:47  Void Ray  
  128  22:51  Void Ray x2  
  130  23:11  Pylon  
  130  23:14  Pylon  
  130  23:22  Void Ray  
  134  23:30  Nexus  
  134  23:34  Shield Battery  
  134  23:36  Shield Battery  
  134  23:37  Photon Cannon  
  134  23:38  Photon Cannon  
  134  23:40  Photon Cannon  
  134  23:49  Probe x3  
  134  23:54  Photon Cannon  
  137  23:58  Shield Battery  
  137  24:02  High Templar x4  
  117  24:38  Archon x2  
  117  24:44  High Templar  
  117  24:45  High Templar x6  
  127  24:46  High Templar  
Tags
 
Add a new tag
Caveats
  • Supply blocks, unpowered buildings, or Contaminate may cause inaccurate times.
  • Supply counts are checked every 10 seconds.